 Seeded DCSS version 0.30.1-9-gdf580d7c3d (webtiles) character file.

Game seed: 6351066067085065685 (custom seed)

3 Esekla the Magician (level 1, 10/10 HPs)
             Began as a Deep Elf Wanderer on Oct 2, 2023.
             Got out of the dungeon alive.
             The game lasted 00:01:35 (254 turns).

Esekla the Magician (Deep Elf Wanderer)              Turns: 254, Time: 00:01:37

Health: 10/10      AC:  2    Str: 11    XL:     1   Next: 41%
Magic:  8/8        EV: 10    Int: 17    God:
Gold:   0          SH:  3    Dex: 11    Spells: 7/9 levels left

rFire   . . .        a - +0 short sword
rCold   . . .        d - +0 buckler
rNeg    . . .        c - +0 robe
rPois   .            (no helmet)
rElec   .            (no cloak)
rCorr   .            (no gloves)
SInv    .            (no boots)
Will    .....        (no amulet)
Stlth   ++           (no ring)
HPRegen 0.21/turn    (no ring)
MPRegen 0.11/turn

%: no passive effects
@: no status effects
A: no striking features
a: no special abilities


You escaped.
You visited 1 branch of the dungeon, and saw 1 of its levels.

Inventory:

Hand Weapons
 a - a +0 short sword (weapon)
Armour
 c - a +0 robe (worn)
 d - a +0 buckler (worn)
Scrolls
 f - a scroll of fear {unknown}
 g - a scroll of identify {unknown}
Potions
 b - a potion of lignification
 e - a potion of ambrosia {unknown}
 h - a potion of heal wounds {unknown}


   Skills:
 + Level 1.5 Stealth
 + Level 1.5 Shields
 * Level 4.6 Spellcasting
 + Level 2.1 Translocations
 + Level 1.0 Invocations


You had 7 spell levels left.
You knew the following spells:

 Your Spells              Type           Power      Damage    Failure   Level
a - Magic Dart            Conj           12%        1d3       22%         1
p - Apportation           Tloc           22%        N/A       9%          1

Your spell library contained the following spells:

 Spells                   Type           Power      Damage    Failure   Level
 Blink                    Tloc           22%        N/A       13%         2
 Lesser Beckoning         Tloc           22%        N/A       13%         2
 Ignite Poison            Fire/Tmut/Pois 3%         N/A       54%         3
 Vampiric Draining        Necr           3%         2d6       54%         3


Dungeon Overview and Level Annotations

Branches:
Dungeon (1/15)

Altars:


Message History

Found a scroll labelled OPUZOUSOET.
f - a scroll labelled QOIXKOT YTEE
Casting: Magic Dart (safe; 22% risk of failure)
Confirm with . or Enter, or press ? or * to list all spells.
Aiming: Apportation (safe; 9% risk of failure)
Press: ? - help, Dir - move target Apport: a scroll labelled OPUZOUSOET You miscast Apportation.
You are very lightly contaminated with residual magic.
Nothing appears to happen.
Casting: Apportation (safe; 9% risk of failure)
Confirm with . or Enter, or press ? or * to list all spells.
Aiming: Apportation (safe; 9% risk of failure)
Press: ? - help, Dir - move target Apport: a scroll labelled OPUZOUSOET Yoink!
You pull the item towards yourself.
Casting: Apportation (safe; 9% risk of failure)
Confirm with . or Enter, or press ? or * to list all spells.
Aiming: Apportation (safe; 9% risk of failure)
Press: ? - help, Dir - move target Apport: a scroll labelled OPUZOUSOET Yoink!
You pull the item towards yourself.
g - a scroll labelled OPUZOUSOET Your magical contamination has completely faded away.
Found a puce potion.
Casting: Apportation (safe; 9% risk of failure)
Confirm with . or Enter, or press ? or * to list all spells.
Aiming: Apportation (safe; 9% risk of failure)
Press: ? - help, Dir - move target Apport: a puce potion Yoink!
You pull the item towards yourself.
h - a puce potion You see here a +0 short sword.
There is a large open door here.
There is a large open door here.
There is an open door here.
There is a staircase leading out of the dungeon here.
You see here a +0 club.
Are you sure you want to leave the Dungeon?
This will make you lose the game!
You have escaped!

#....#.########.#######...
#.####..........# #### #.#
#≈.≈##''#..# ##.##
#≈⌠≈#...#♣.#
#...###≈≈≈#.♣.#♣.#
###...#####...#♣8# ###.#
####''#### #.###..#...#
#.†##.@'.### ##.####### ..
### #.. #.# #..## #... #.
##### #....


There were no monsters in sight!

Vanquished Creatures
  A ball python (D:1)
  2 kobolds (D:1)
3 creatures vanquished.

Notes
Turn   | Place    | Note
-------+----------+-------------------------------------------
     0 | D:1      | Esekla the Deep Elf Wanderer began the quest for the Orb.
     0 | D:1      | Esekla set off with the following items: a +0 club, a
                  | potion of lignification, a +0 robe, a +0 buckler; and the
                  | following spells available to memorise: Apportation, Blink,
                  | Lesser Beckoning, Magic Dart, Ignite Poison, Vampiric
                  | Draining.
     0 | D:1      | Reached XP level 1. HP: 10/10 MP: 7/7
     2 | D:1      | Learned a level 1 spell: Magic Dart
     4 | D:1      | Learned a level 1 spell: Apportation
   254 | D:$      | Got out of the dungeon alive.

Illustrated notes

Levels and vault maps discovered:
D:1:      sevenhm_arrival_forest_fort_small_3, layout_rooms,
          chequers_serial_rivers_room_b, minmay_misc_feat_five

Action                     || total
---------------------------++-------
  Melee: Short sword       ||    11
   Cast: Magic Dart        ||     6
         Apportation       ||     3
 Armour: Robe              ||     4
  Dodge: Dodged            ||    10
  Block: Buckler           ||     1
